General information
- name: BNet
- type: Ladder team game (AT/RT)
- host: Battle.net
- saver: DogGoneIt
map: Battleground
- players: 8
- length: 42:04
- speed: Fast
- version: 1.26 W3XP
- replay type: Public
» download(265 KB)
Players
team 1 (winner)

»
coconut-lime (
orange | 95 APM | 3995 actions | 42:03)
4 Demon Hunter
2 Mana Burn
2 Evasion
3 Keeper of the Grove
2 Entangling Roots
1 Thorns Aura
2 Priestess of the Moon
1 Searing Arrows
1 Trueshot Aura
» actions
| Assign group hotkey | 20 | |
| Basic commands | 128 | |
| Build / train | 61 | |
| ESC pressed | 2 | |
| Enter build submenu | 20 | |
| Enter hero's abilities submenu | 9 | |
| Give item / drop item | 2 | |
| Remove unit from queue | 1 | |
| Right click | 1294 | |
| Select / deselect | 525 | |
| Select group hotkey | 1875 | |
| Use ability | 58 | |
3995 total
» units
| Wisp | 14 | |
| Archer | 7 | |
| Chimaera | 4 | |
| Hippogryph | 6 | |
31 total
» upgrades
| Strength of the Wild | 3 | |
| Corrosive Breath | 1 | |
| Reinforced Hides | 3 | |
7 total
» buildings
| Altar of Elders | 1 | |
| Moon Well | 7 | |
| Ancient of War | 1 | |
| Ancient of Wonders | 1 | |
| Hunter's Hall | 1 | |
| Tree of Ages | 1 | |
| Ancient Protector | 1 | |
| Tree of Eternity | 1 | |
| Ancient of Wind | 1 | |
| Chimaera Roost | 2 | |
| Tree of Life | 2 | |
19 total
» build order
00:07 Altar of Elders
00:09 Moon Well
00:18 Ancient of War
01:59 Moon Well
02:22 Ancient of Wonders
03:11 Hunter's Hall
04:17 Tree of Ages
04:36 Ancient Protector
05:49 Moon Well
06:41 Tree of Eternity
08:09 Moon Well
08:52 Ancient of Wind
10:05 Chimaera Roost
10:07 Chimaera Roost
12:04 Tree of Life
12:16 Moon Well
14:14 Moon Well
14:16 Moon Well
17:12 Tree of Life
» items
| Circlet of Nobility | 3 | |
| Orb of Venom | 1 | |
| Potion of Healing | 1 | |
| Dust of Appearance | 1 | |
| Scroll of Town Portal | 1 | |
| Potion of Lesser Invulnerability | 1 | |
8 total

»
NiliDiddler (
red | 53 APM | 2230 actions | 42:03)
4 Archmage
2 Blizzard
2 Brilliance Aura
4 Blood Mage
2 Flame Strike
2 Banish
» actions
| Assign group hotkey | 28 | |
| Basic commands | 43 | |
| Build / train | 85 | |
| Enter build submenu | 19 | |
| Enter hero's abilities submenu | 8 | |
| Right click | 1036 | |
| Select / deselect | 316 | |
| Select group hotkey | 586 | |
| Use ability | 109 | |
2230 total
» units
| Peasant | 10 | |
| Footman | 11 | |
| Spell Breaker | 8 | |
| Sorceress | 7 | |
| Knight | 5 | |
| Rifleman | 2 | |
43 total
» upgrades
| Defend | 1 | |
| Swords | 2 | |
| Plating | 2 | |
| Lumber Harvesting | 2 | |
| Masonry | 1 | |
| Magic Sentry | 1 | |
| Sorceress Training | 2 | |
| Control Magic | 1 | |
| Animal War Training | 1 | |
13 total
» buildings
| Barracks | 1 | |
| Farm | 8 | |
| Altar of Kings | 1 | |
| Blacksmith | 1 | |
| Lumber Mill | 1 | |
| Arcane Vault | 2 | |
| Keep | 1 | |
| Scout Tower | 2 | |
| Guard Tower | 3 | |
| Arcane Sanctum | 2 | |
| Castle | 1 | |
23 total
» build order
00:16 Barracks
00:23 Farm
00:29 Altar of Kings
01:03 Farm
01:44 Farm
02:09 Blacksmith
02:30 Farm
03:00 Lumber Mill
03:25 Arcane Vault
03:28 Arcane Vault
03:34 Farm
05:00 Farm
05:42 Keep
05:46 Farm
06:35 Scout Tower
07:08 Guard Tower
07:27 Scout Tower
08:03 Guard Tower
08:08 Arcane Sanctum
09:28 Arcane Sanctum
09:53 Guard Tower
17:55 Castle
17:58 Farm
» items
| Scroll of Regeneration | 8 | |
| Ivory Tower | 2 | |
| Scroll of Town Portal | 2 | |
| Potion of Lesser Invulnerability | 1 | |
13 total
site187g (
teal | 40 APM | 1672 actions | 42:03)
5 Death Knight
2 Death Coil
2 Unholy Aura
1 Death Pact
5 Dark Ranger
3 Silence
2 Life Drain
1 Pit Lord
1 Howl of Terror
» actions
| Assign group hotkey | 20 | |
| Basic commands | 103 | |
| Build / train | 79 | |
| Enter build submenu | 30 | |
| Enter hero's abilities submenu | 11 | |
| Give item / drop item | 1 | |
| Remove unit from queue | 1 | |
| Right click | 518 | |
| Select / deselect | 412 | |
| Select group hotkey | 422 | |
| Use ability | 74 | |
1672 total
» units
| Acolyte | 18 | |
| Ghoul | 5 | |
| Crypt Fiend | 10 | |
| Forest Troll Shadow Priest | 1 | |
| Frost Wyrm | 6 | |
40 total
» upgrades
| Creature Attack | 3 | |
| Web | 1 | |
| Creature Carapace | 3 | |
| Freezing Breath | 1 | |
8 total
» buildings
| Crypt | 1 | |
| Graveyard | 1 | |
| Ziggurat | 12 | |
| Altar of Darkness | 1 | |
| Halls of the Dead | 1 | |
| Tomb of Relics | 2 | |
| Nerubian Tower | 2 | |
| Black Citadel | 1 | |
| Sacrificial Pit | 1 | |
| Boneyard | 2 | |
| Spirit Tower | 5 | |
29 total
» build order
00:12 Crypt
00:27 Graveyard
00:42 Ziggurat
00:58 Altar of Darkness
01:35 Ziggurat
02:33 Halls of the Dead
04:02 Ziggurat
04:21 Tomb of Relics
04:38 Nerubian Tower
05:35 Black Citadel
06:53 Sacrificial Pit
07:24 Ziggurat
08:03 Boneyard
08:14 Ziggurat
10:04 Boneyard
12:31 Ziggurat
13:04 Ziggurat
13:09 Tomb of Relics
13:33 Ziggurat
14:17 Spirit Tower
14:37 Nerubian Tower
15:52 Spirit Tower
20:03 Ziggurat
20:04 Ziggurat
22:10 Spirit Tower
22:29 Spirit Tower
22:32 Ziggurat
23:25 Spirit Tower
23:31 Ziggurat
» items
| Rod of Necromancy | 1 | |
| Potion of Healing | 4 | |
| Scroll of Town Portal | 1 | |
| Dust of Appearance | 1 | |
7 total
DogGoneIt (
pink | 46 APM | 1917 actions | 42:04)
9 Archmage
3 Summon Water Elemental
3 Brilliance Aura
1 Mass Teleport
2 Blizzard
» actions
| Assign group hotkey | 105 | |
| Basic commands | 309 | |
| Build / train | 82 | |
| Enter build submenu | 47 | |
| Enter hero's abilities submenu | 9 | |
| Give item / drop item | 4 | |
| Remove unit from queue | 1 | |
| Right click | 543 | |
| Select / deselect | 401 | |
| Select group hotkey | 298 | |
| Use ability | 118 | |
1917 total
» units
| Peasant | 16 | |
| Footman | 5 | |
| Gryphon Rider | 11 | |
32 total
» upgrades
| Lumber Harvesting | 2 | |
| Masonry | 3 | |
| Swords | 3 | |
| Armor | 3 | |
| Animal War Training | 1 | |
| Storm Hammers | 1 | |
| Cloud | 1 | |
14 total
» buildings
| Altar of Kings | 1 | |
| Barracks | 1 | |
| Farm | 8 | |
| Arcane Vault | 2 | |
| Keep | 1 | |
| Lumber Mill | 2 | |
| Castle | 1 | |
| Gryphon Aviary | 4 | |
| Blacksmith | 2 | |
| Town Hall | 2 | |
| Scout Tower | 38 | |
| Guard Tower | 12 | |
74 total
» build order
00:37 Altar of Kings
00:38 Barracks
00:50 Farm
00:53 Farm
01:06 Farm
01:37 Farm
03:05 Arcane Vault
03:40 Keep
04:43 Lumber Mill
06:58 Castle
07:06 Gryphon Aviary
07:08 Gryphon Aviary
07:13 Gryphon Aviary
07:16 Gryphon Aviary
07:31 Blacksmith
07:33 Blacksmith
07:45 Farm
07:51 Farm
08:06 Farm
08:08 Farm
13:43 Town Hall
13:52 Scout Tower
13:52 Scout Tower
13:53 Scout Tower
13:53 Scout Tower
13:55 Scout Tower
14:06 Scout Tower
14:06 Scout Tower
14:07 Scout Tower
14:08 Scout Tower
14:09 Scout Tower
14:10 Scout Tower
14:25 Guard Tower
14:26 Guard Tower
14:34 Guard Tower
15:41 Guard Tower
19:23 Town Hall
19:25 Scout Tower
19:25 Scout Tower
19:26 Scout Tower
19:26 Scout Tower
19:28 Scout Tower
19:28 Scout Tower
19:29 Scout Tower
19:29 Scout Tower
19:31 Scout Tower
19:31 Scout Tower
19:32 Scout Tower
19:32 Scout Tower
19:36 Scout Tower
19:53 Lumber Mill
19:58 Scout Tower
19:59 Scout Tower
20:01 Scout Tower
20:01 Scout Tower
20:02 Scout Tower
20:03 Scout Tower
20:05 Scout Tower
20:05 Scout Tower
20:07 Scout Tower
20:08 Scout Tower
20:09 Scout Tower
20:10 Scout Tower
20:11 Scout Tower
20:11 Scout Tower
20:17 Guard Tower
20:30 Guard Tower
20:56 Arcane Vault
21:00 Guard Tower
22:33 Guard Tower
22:44 Guard Tower
23:27 Guard Tower
24:50 Guard Tower
25:23 Guard Tower
» items
| Scroll of Regeneration | 3 | |
| Scroll of Town Portal | 2 | |
| Staff of Teleportation | 1 | |
| Periapt of Vitality | 1 | |
| Potion of Lesser Invulnerability | 2 | |
| Potion of Healing | 1 | |
| Dust of Appearance | 1 | |
11 total
team 2 (loser)
bosssaleen (
blue | 110 APM | 2232 actions | 20:20)
3 Death Knight
2 Death Coil
1 Unholy Aura
2 Lich
1 Frost Nova
1 Dark Ritual
1 Dark Ranger
1 Silence
» actions
| Assign group hotkey | 184 | |
| Basic commands | 143 | |
| Build / train | 60 | |
| ESC pressed | 1 | |
| Enter build submenu | 11 | |
| Enter hero's abilities submenu | 7 | |
| Give item / drop item | 5 | |
| Remove unit from queue | 1 | |
| Right click | 857 | |
| Select / deselect | 286 | |
| Select group hotkey | 601 | |
| Use ability | 74 | |
2232 total
» units
| Acolyte | 5 | |
| Ghoul | 4 | |
| Crypt Fiend | 13 | |
| Obsidian Statue | 7 | |
29 total
» upgrades
| Creature Attack | 2 | |
| Burrow | 1 | |
| Web | 1 | |
| Creature Carapace | 1 | |
| Destroyer Form | 1 | |
6 total
» buildings
| Ziggurat | 5 | |
| Crypt | 1 | |
| Altar of Darkness | 1 | |
| Graveyard | 1 | |
| Tomb of Relics | 1 | |
| Nerubian Tower | 1 | |
| Halls of the Dead | 3 | |
| Slaughterhouse | 1 | |
| Black Citadel | 1 | |
| Sacrificial Pit | 1 | |
16 total
» build order
00:09 Ziggurat
00:16 Crypt
00:42 Altar of Darkness
01:01 Graveyard
01:33 Tomb of Relics
01:53 Ziggurat
03:08 Nerubian Tower
03:59 Halls of the Dead
04:00 Halls of the Dead
04:00 Halls of the Dead
04:48 Ziggurat
06:34 Slaughterhouse
06:45 Ziggurat
08:17 Black Citadel
09:37 Sacrificial Pit
09:41 Ziggurat
» items
| Rod of Necromancy | 3 | |
| Dust of Appearance | 1 | |
| Potion of Healing | 1 | |
| Scroll of Town Portal | 2 | |
| Orb of Corruption | 1 | |
8 total

»
Baskee (
yellow | 58 APM | 969 actions | 16:41)
4 Mountain King
2 Storm Bolt
2 Bash
1 Paladin
1 Holy Light
» actions
| Basic commands | 1 | |
| Build / train | 57 | |
| Enter build submenu | 19 | |
| Enter hero's abilities submenu | 5 | |
| Give item / drop item | 4 | |
| Right click | 459 | |
| Select / deselect | 362 | |
| Use ability | 61 | |
969 total
» units
| Peasant | 11 | |
| Rifleman | 9 | |
| Priest | 5 | |
25 total
» upgrades
| Gunpowder | 1 | |
| Armor | 1 | |
| Long Rifles | 1 | |
3 total
» buildings
| Altar of Kings | 1 | |
| Farm | 9 | |
| Blacksmith | 1 | |
| Barracks | 2 | |
| Scout Tower | 2 | |
| Arcane Tower | 3 | |
| Arcane Vault | 1 | |
| Lumber Mill | 1 | |
| Keep | 1 | |
| Arcane Sanctum | 1 | |
22 total
» build order
01:55 Altar of Kings
01:59 Farm
02:02 Blacksmith
02:08 Barracks
02:12 Barracks
02:14 Farm
02:30 Farm
03:04 Scout Tower
03:37 Arcane Tower
03:40 Farm
04:22 Scout Tower
04:48 Arcane Tower
04:48 Arcane Tower
05:34 Arcane Vault
05:36 Farm
06:01 Lumber Mill
07:07 Keep
07:48 Farm
09:45 Arcane Sanctum
09:49 Farm
10:05 Farm
14:47 Farm
» items
| Scroll of Regeneration | 5 | |
| Lesser Clarity Potion | 2 | |
| Scroll of Healing | 1 | |
| Boots of Speed | 2 | |
| Scroll of Town Portal | 5 | |
15 total
XxWizardFacexX (
green | 60 APM | 1323 actions | 21:58)
3 Demon Hunter
2 Mana Burn
1 Evasion
2 Priestess of the Moon
1 Scout
1 Trueshot Aura
» actions
| Assign group hotkey | 29 | |
| Basic commands | 1 | |
| Build / train | 78 | |
| Enter build submenu | 19 | |
| Enter hero's abilities submenu | 5 | |
| Give item / drop item | 4 | |
| Right click | 610 | |
| Select / deselect | 236 | |
| Select group hotkey | 278 | |
| Use ability | 63 | |
1323 total
» units
| Wisp | 28 | |
| Huntress | 2 | |
| Archer | 3 | |
| Dryad | 8 | |
| Priest | 5 | |
| Knight | 1 | |
47 total
» upgrades
| Strength of the Wild | 1 | |
| Reinforced Hides | 1 | |
| Ultravision | 1 | |
| Abolish Magic | 1 | |
| Well Spring | 1 | |
| Swords | 1 | |
| Plating | 1 | |
7 total
» buildings
| Moon Well | 7 | |
| Altar of Elders | 1 | |
| Ancient of War | 2 | |
| Hunter's Hall | 1 | |
| Ancient Protector | 2 | |
| Tree of Ages | 1 | |
| Ancient of Wonders | 1 | |
| Tree of Eternity | 1 | |
| Ancient of Lore | 2 | |
| Ancient of Wind | 2 | |
| Castle | 1 | |
| Scout Tower | 9 | |
| Guard Tower | 9 | |
| Arcane Tower | 1 | |
40 total
» build order
00:24 Moon Well
00:39 Altar of Elders
00:58 Moon Well
02:10 Ancient of War
02:32 Hunter's Hall
02:37 Ancient of War
02:47 Moon Well
02:56 Moon Well
04:21 Ancient Protector
04:35 Ancient Protector
04:55 Tree of Ages
05:43 Ancient of Wonders
06:45 Moon Well
09:00 Tree of Eternity
09:09 Moon Well
09:11 Moon Well
09:33 Ancient of Lore
09:36 Ancient of Lore
09:39 Ancient of Wind
10:48 Ancient of Wind
18:02 Castle
18:27 Scout Tower
18:29 Scout Tower
18:30 Scout Tower
18:31 Scout Tower
18:33 Scout Tower
18:35 Scout Tower
19:06 Guard Tower
19:06 Guard Tower
19:12 Guard Tower
19:16 Guard Tower
19:16 Guard Tower
19:26 Scout Tower
19:28 Scout Tower
19:30 Scout Tower
19:52 Guard Tower
19:59 Guard Tower
20:02 Arcane Tower
» items
| Periapt of Vitality | 1 | |
| Orb of Venom | 1 | |
| Scroll of Town Portal | 1 | |
3 total
BIG-MAC-GIRL (
purple | 79 APM | 3334 actions | 42:03)
6 Blademaster
3 Wind Walk
2 Critical Strike
1 Bladestorm
» actions
| Assign group hotkey | 71 | |
| Basic commands | 11 | |
| Build / train | 74 | |
| Enter build submenu | 28 | |
| Enter hero's abilities submenu | 7 | |
| Give item / drop item | 2 | |
| Remove unit from queue | 1 | |
| Right click | 1773 | |
| Select / deselect | 280 | |
| Select group hotkey | 891 | |
| Use ability | 196 | |
3334 total
» units
| Peon | 18 | |
| Wind Rider | 8 | |
| Troll Batrider | 2 | |
| Raider | 5 | |
33 total
» upgrades
| Reinforced Defenses | 1 | |
| Envenomed Spears | 1 | |
| Melee Weapons | 2 | |
4 total
» buildings
| Altar of Storms | 1 | |
| Orc Burrow | 8 | |
| War Mill | 1 | |
| Voodoo Lounge | 2 | |
| Watch Tower | 29 | |
| Stronghold | 3 | |
| Beastiary | 3 | |
| Fortress | 1 | |
48 total
» build order
00:07 Altar of Storms
00:19 Orc Burrow
00:36 War Mill
01:17 Voodoo Lounge
01:21 Voodoo Lounge
01:49 Watch Tower
02:14 Watch Tower
02:25 Orc Burrow
03:12 Watch Tower
03:36 Stronghold
03:36 Stronghold
03:36 Stronghold
04:08 Orc Burrow
04:23 Orc Burrow
04:45 Watch Tower
06:00 Beastiary
06:02 Beastiary
06:15 Watch Tower
07:30 Fortress
09:40 Watch Tower
09:40 Watch Tower
09:45 Watch Tower
10:39 Watch Tower
10:40 Watch Tower
10:46 Watch Tower
10:47 Watch Tower
10:48 Watch Tower
10:48 Watch Tower
13:40 Watch Tower
13:40 Watch Tower
13:41 Watch Tower
14:40 Orc Burrow
14:41 Orc Burrow
16:15 Watch Tower
16:15 Watch Tower
16:15 Watch Tower
16:16 Watch Tower
16:16 Watch Tower
16:16 Watch Tower
17:50 Orc Burrow
18:54 Watch Tower
18:54 Watch Tower
18:55 Watch Tower
21:58 Orc Burrow
22:22 Watch Tower
22:22 Watch Tower
23:04 Watch Tower
39:17 Beastiary
» items
| Healing Salve | 3 | |
| Lesser Clarity Potion | 7 | |
| Staff of Teleportation | 1 | |
| Boots of Speed | 1 | |
| Tiny Great Hall | 1 | |
| Scroll of Town Portal | 3 | |
| Potion of Lesser Invulnerability | 1 | |
| Potion of Healing | 3 | |
| Potion of Mana | 3 | |
23 total
Chat log
(01:22 / Allies) NiliDiddler: melee and casters
(01:29 / Allies) coconut-lime: air
(01:33 / Allies) DogGoneIt: griffs
(02:51 / Allies) coconut-lime: nothing
(02:59 / Allies) coconut-lime: im rushing there
(03:22 / Allies) coconut-lime: teching
(03:39 / All) NiliDiddler: thief
(03:53 / All) NiliDiddler: orcs are the black people of warcraft\
(04:25 / All) coconut-lime: nice build
(04:27 / All) coconut-lime: that was close
(05:13 / Allies) DogGoneIt: wow red you took both salves
(06:00 / Allies) NiliDiddler: hes teching
(06:02 / Allies) NiliDiddler: we need to get his ass
(06:05 / Allies) site187g: lets hit
(06:25 / Allies) DogGoneIt: dude
(08:46 / Allies) DogGoneIt: should creep that
(10:21 / Allies) coconut-lime: n
(10:21 / Allies) coconut-lime: teal
(10:38 / Allies) DogGoneIt: red why do you fucking keep leeching exp
(10:40 / Allies) site187g: wood plz
(10:50 / Allies) coconut-lime: its team game..
(10:56 / Allies) DogGoneIt: he sits in his base till I creep
(10:59 / Allies) DogGoneIt: then rushes when I don't need him
(11:58 / Allies) DogGoneIt: gold
(12:19 / Allies) DogGoneIt: asslicker
(13:36 / Allies) site187g: wooood plz
(14:08 / Allies) coconut-lime: a unit
(14:09 / Allies) coconut-lime: pink
(14:43 / Allies) coconut-lime: hit
(14:48 / Allies) site187g: he has towers
(15:16 / All) Baskee: gg
(15:22 / All) Baskee: fken purple tped on me
(15:24 / All) Baskee: fken noob
(17:20 / All) bosssaleen: omg
(17:23 / All) bosssaleen: my team is shit
(17:28 / All) bosssaleen: jsut stright shit
(17:41 / All) bosssaleen: 1 just makes towes
(17:43 / All) bosssaleen: no bats
(17:47 / All) bosssaleen: 1 has no bears
(17:47 / All) XxWizardFacexX: he fst!
(17:53 / All) bosssaleen: 1 just has rifels
(17:54 / All) bosssaleen: wtf
(17:56 / All) XxWizardFacexX: so fast!
(18:04 / All) bosssaleen: just pure shit
(18:14 / All) bosssaleen: what is wrong with yall?
(18:24 / All) bosssaleen: like really
(18:41 / All) NiliDiddler: you attack me?
(18:43 / All) bosssaleen: pisses me off shit team
(18:51 / All) bosssaleen: lose to noobs
(18:52 / All) bosssaleen: wow
(19:10 / All) coconut-lime: chill out, blue
(19:13 / Allies) site187g: gold plz
(19:17 / All) coconut-lime: it happens everyday
(19:38 / Allies) DogGoneIt: lumber?
(19:38 / All) bosssaleen: just so funny
(19:44 / All) bosssaleen: how can 3 peopls be so bad?
(19:48 / All) bosssaleen: really?
(20:04 / All) bosssaleen: he makes wyens
(20:11 / All) bosssaleen: not even with bloodlust
(20:20 / All) NiliDiddler: so is dog
(20:22 / All) site187g: disconnected his internet
(20:23 / All) NiliDiddler: thinking i creep steal
(20:50 / All) DogGoneIt: I just call it as I see it
(21:04 / Allies) NiliDiddler: its not like i take your items either
(21:10 / Allies) DogGoneIt: I need some lumber
(21:12 / Allies) NiliDiddler: and there are no creeps on this map
(21:32 / Allies) DogGoneIt: friends can I get some lumber?
(22:16 / Allies) DogGoneIt: trading gold for lumber
(22:23 / Allies) coconut-lime: you are a noob, pink
(22:24 / Allies) coconut-lime: stfu
(24:13 / Allies) coconut-lime: look at this little kid
(24:14 / Allies) coconut-lime: haha
(24:36 / Allies) DogGoneIt: talk more shit, orange
(24:49 / All) NiliDiddler: what a fag
(25:08 / All) DogGoneIt: Rule #1 in the game of Warcraft, if you're going to insult a man you best prepare for a showdown
(25:23 / All) NiliDiddler: thats not the first rule faggot
(25:23 / All) BIG-MAC-GIRL: LEAVE
(25:26 / All) BIG-MAC-GIRL: homos lol
(26:09 / All) NiliDiddler: go ahead
(26:11 / All) NiliDiddler: destroy it
(26:23 / Allies) DogGoneIt: I'm a man of principle
(26:45 / All) NiliDiddler: youre a man thats still a virgin
(27:02 / All) DogGoneIt: I slept with your mama
(27:14 / All) NiliDiddler: atleast you thought you did
(27:49 / All) DogGoneIt: Your sister was better but your mama was alright
(28:08 / Allies) NiliDiddler: buddy
(28:12 / Allies) NiliDiddler: youve slept with no one
(28:24 / All) DogGoneIt: I'll be fuckin sister tonight
(28:29 / All) DogGoneIt: ask her about me
(28:32 / Allies) NiliDiddler: you mean your hand
(28:36 / Allies) NiliDiddler: i know about your hand
(28:37 / All) DogGoneIt: I mean your sister
(28:41 / All) DogGoneIt: she's a pretty young thing
(28:53 / Allies) NiliDiddler: so youre an old virgin
(28:55 / Allies) NiliDiddler: even better
(29:05 / Allies) NiliDiddler: look everyone its a real life 40 year old virgin
(29:05 / All) BIG-MAC-GIRL: can u homos leave plz
(29:40 / All) BIG-MAC-GIRL: leave homos
(30:03 / All) BIG-MAC-GIRL: losing 1v4 smh
(30:36 / All) DogGoneIt: They put up practically no resistance
(31:02 / All) BIG-MAC-GIRL: i fucking keep
(31:04 / All) BIG-MAC-GIRL: mis judging
(31:06 / All) BIG-MAC-GIRL: who is stronger
(31:11 / All) site187g: o yeah cause i expected you to start sucking his dick
(31:18 / All) BIG-MAC-GIRL: admit u hack teal
(31:22 / All) site187g: lol
(31:25 / All) site187g: ur fucking bad
(31:31 / All) site187g: keep riding this nub
(31:34 / All) BIG-MAC-GIRL: im not the one who lost 1v4
(31:38 / All) site187g: tking when a person aint looking
(31:39 / All) site187g: lol
(31:48 / All) site187g: win idc
(31:55 / All) site187g: give yourself a clap in the back
(31:58 / All) BIG-MAC-GIRL: lawl
(32:01 / All) BIG-MAC-GIRL: already done
(32:12 / All) site187g: gj
(32:16 / All) site187g: lvl 1 attack and def wyvs
(32:19 / All) site187g: lol
(32:19 / All) BIG-MAC-GIRL: i pity u guys
(32:22 / All) BIG-MAC-GIRL: ur so bad
(32:39 / All) BIG-MAC-GIRL: yes, upgrades are more important than the 30 towers i had
(32:41 / All) BIG-MAC-GIRL: which bought him time
(32:44 / All) BIG-MAC-GIRL: yeap real stupid
(32:46 / All) DogGoneIt: If I had some allies that had some respect and manners, we'd have clobbered ya!
(32:48 / All) BIG-MAC-GIRL: looks like u got outfoxed
(33:09 / All) BIG-MAC-GIRL: ur just another victim
(33:13 / All) BIG-MAC-GIRL: a sad one at that
(33:42 / All) DogGoneIt: Red's a fartknocker
(33:52 / All) DogGoneIt: A tagalong
(34:02 / All) BIG-MAC-GIRL: they aren't worthy of your presence
(34:07 / All) DogGoneIt: Indeed
(34:49 / All) BIG-MAC-GIRL: are uguys expecting to get a victory or something
(34:50 / All) BIG-MAC-GIRL: shoo
(34:51 / All) BIG-MAC-GIRL: shoo
(34:54 / All) BIG-MAC-GIRL: be gone pests
(39:49 / Allies) DogGoneIt: When this tower is destroyed, you will lose the game
(39:53 / Allies) DogGoneIt: How does it make you feel, gentlemen?
(41:09 / Allies) DogGoneIt: Any last words, gents?
(41:56 / All) DogGoneIt: They're completely speechless
(41:59 / All) DogGoneIt: Ah well